 Dungeon Crawl Stone Soup version 0.26-a0-651-gb41185065b (webtiles) character file.

Game seed: 9906967756638098914

(classic levelgen) 502 EnegeticOcto the Sneak (level 6, -10/56 HPs)
             Began as a Deep Dwarf Delver on Oct 24, 2020.
             Was an Initiate of Makhleb.
             Killed from afar by a wight (16 damage)
             ... with a bolt of acid
             ... on level 6 of the Dungeon.
             The game lasted 00:03:06 (502 turns).

EnegeticOcto the Sneak (Deep Dwarf Delver)           Turns: 502, Time: 00:03:06

Health: -10/56     AC:  4    Str: 18    XL:     6   Next: 95%
Magic:  4/4        EV:  6    Int: 10    God:    Makhleb [......]
Gold:   73         SH:  0    Dex: 14    Spells: 10/10 levels left

rFire    . . .     SeeInvis .   j - +0 battleaxe
rCold    . . .     Faith    .   (shield currently unavailable)
rNeg     . . .     Spirit   .   l - +0 chain mail
rPois    .         Reflect  .   (no helmet)
rElec    .         Harm     .   (no cloak)
rCorr    .         Rampage  .   (no gloves)
MR       .....                  (no boots)
Stlth    ..........             (no amulet)
HPRegen  0.00/turn              (no ring)
MPRegen  0.09/turn              (no ring)

@: corroded, non-regenerating, very heavily drained
A: damage resistance, heal wounds, sense surroundings 1, no regeneration
a: Heal Wounds, Renounce Religion


You were on level 6 of the Dungeon.
You worshipped Makhleb.
Makhleb was noncommittal.
You visited 2 branches of the dungeon, and saw 3 of its levels.

You collected 73 gold pieces.

Inventory:

Hand Weapons
 a - a +0 hand axe
 j - a +0 battleaxe (weapon)
Armour
 b - a +0 leather armour
 l - a +0 chain mail (worn)
Wands
 g - a wand of digging (3) {@v3}
Scrolls
 c - a scroll of fog
 e - a scroll of fear
 h - a scroll of teleportation {unknown}
 i - a scroll of identify {unknown}
 k - a scroll of blinking {unknown}
Potions
 d - 3 potions of mutation {unknown}
 f - a potion of haste {@q4}
 m - a potion of invisibility {unknown}


   Skills:
 - Level 3.2(0.0) Fighting
 + Level 5.9(1.8) Axes
 - Level 3.1(0.0) Dodging
 - Level 6.6(2.4) Stealth
 - Level 2.5(0.0) Spellcasting
 + Level 1.8(0.0) Invocations


You had 10 spell levels left.
You didn't know any spells.
Your spell library was empty.

Dungeon Overview and Level Annotations

Branches:
Dungeon (6/15)             Temple (1/1) D:6

Altars:
Ashenzari
Cheibriados
Dithmenos
Gozag
Hepliaklqana
Kikubaaqudgha
Makhleb
Okawaru
Qazlal
Wu Jian
Xom
The Shining One

Shops:
D:5 ::(

Annotations:
D:5 Ijyb


Innate Abilities, Weirdness & Mutations

You are resistant to damage.
You can heal yourself by infusing magical energy.
You passively map a small area around you.
You do not regenerate.


Message History

You closely miss the quokka.
The quokka is moderately wounded.
The quokka twitches its whiskers.
The quokka bites you but does no damage. x2
You slash the quokka!
You kill the quokka!
Makhleb accepts your kill.
You feel much better.
A hound comes into view.
The hound barks!
The hound barely misses you. The hound bites you but does no damage.
You slash the hound!
The hound is heavily wounded.
The hound bites you but does no damage. The hound barely misses you.
You completely miss the hound.
The hound is heavily wounded.
The hound bites you. The hound bites you but does no damage.
You barely miss the hound.
The hound is heavily wounded.
The hound bites you but does no damage. x2; The hound bites you.
You closely miss the hound.
The hound is heavily wounded.
The hound barely misses you.
The hound bites you but does no damage. x2
You closely miss the hound.
The hound is heavily wounded.
The hound barely misses you. The hound bites you.
You closely miss the hound.
The hound is heavily wounded.
The hound bites you. The hound closely misses you.
The hound bites you but does no damage.
You closely miss the hound.
The hound is heavily wounded.
The hound bites you but does no damage. The hound bites you.
You barely miss the hound.
The hound is heavily wounded.
The hound bites you. x2
You slash the hound!
You kill the hound!
Makhleb accepts your kill.
Your base Invocations skill increases to level 1!
No target in view!
No target in view!
You see here a hound corpse.
A wight comes into view.
It is wielding a +0 vampiric short sword.
You feel much better. The wight hits you but does no damage.
You slash the wight!
The wight is almost destroyed.
The wight hits you with a +0 vampiric short sword.
The wight draws strength from your wounds!
You slash the wight!
You destroy the wight!
Makhleb accepts your kill.
No target in view!
Things that are here:
a +0 vampiric short sword; a +0 robe A shadow imp comes into view.
The shadow imp gestures at you. Pain shoots through your body!
You closely miss the shadow imp.
You hear a shout!
A centaur comes into view.
The shadow imp barely misses you.
The centaur moves out of view.
You closely miss the shadow imp. The shadow imp barely misses you.
The shadow imp hits you.
You hit the shadow imp.
The shadow imp is moderately wounded.
The shadow imp hits you.
A wight comes into view.
It is wielding a +0 mace and carrying a wand of acid (12).
A wight comes into view.
It is wielding a +4 dire flail and wearing a +1 robe of magic resistance.
The shadow imp hits you.
You slash the shadow imp!
You kill the shadow imp!
Makhleb accepts your kill.
The centaur wields a +0 shortbow.
The centaur shoots an arrow.
The arrow hits you but does no damage.
The centaur shoots an arrow.
The arrow hits you.
A wight comes into view.
It is wielding a +0 war axe and carrying a wand of enslavement (9).
The centaur unwields a +0 shortbow.
The centaur hits you.
The wight zaps a wand.
You easily resist.
You barely miss the centaur.
The centaur hits you. x2; The wight zaps a wand.
You easily resist.
You completely miss the centaur. The centaur hits you. x2
The wight zaps a wand.
You easily resist.
The centaur barely misses you.
You feel much better. The centaur hits you.
The wight hits you with a +4 dire flail.
You feel drained.
The centaur wields a +0 shortbow.
The centaur shoots an arrow.
The arrow hits you.
The wight zaps a wand.
The bolt of acid hits you! The acid corrodes you!
You are splashed with acid!
You see here an arrow.
Your chain mail prevents you from hitting the wight.
The wight completely misses you.
You hit the wight.
The wight is lightly damaged.
The wight hits you with a +4 dire flail.
You feel drained.
You fail to use your ability.
The centaur shoots an arrow.
The arrow hits you!
* * * LOW HITPOINT WARNING * * *
The wight zaps a wand.
The bolt of acid hits you!
You die...

.##..##..#######....# ,,
.###.##..........# #...,
..##.##..........#*
...#*,, *
.....##......)...# ....##
#...............## ......
..###...........# #....#
*
#..####.........##.....#.
##..# #.........z#z......
*#.>.#.........@.c......
*##...........##z......
## ..........# .....#. ,
.# ..#......... .......
.# ##.###...#.... .#.#.#.
.##... #...#.... .... #
,* .#..### .# ....* #. ##
......# ,..... ,. ,,
...##.## ,


You could see a centaur and 3 wights.

Vanquished Creatures
  An orc warrior (D:6)
  6 wights (D:6)
  2 hounds
  An orc wizard (D:6)
  A worker ant (D:5)
  A worker ant zombie (D:5)
  An adder (D:5)
  2 shadow imps
  An ufetubus (D:5)
  3 orcs
  A jackal (D:5)
  A quokka (D:6)
  A frilled lizard (D:5)
22 creatures vanquished.

Notes
Turn   | Place    | Note
-------+----------+-------------------------------------------
     0 | D:5      | EnegeticOcto the Deep Dwarf Delver began the quest for the
                  | Orb.
     0 | D:5      | Reached XP level 1. HP: 20/20 MP: 1/1
    14 | D:5      | Found Geyst's Weapon Emporium.
    27 | D:5      | Noticed a hound
    54 | D:5      | Noticed Ijyb
    56 | D:5      | Killed a hound
    56 | D:5      | Reached XP level 2. HP: 28/28 MP: 1/1
    56 | D:5      | Reached XP level 3. HP: 34/34 MP: 2/2
    66 | D:5      | Found a stormy altar of Qazlal.
    91 | D:5      | Found Foixatot's Book Shoppe.
    94 | D:5      | Found Aferhyrr's Book Shoppe.
   110 | D:5      | Reached XP level 4. HP: 37/42 MP: 3/3
   142 | D:6      | Found an opulent altar of Gozag.
   179 | D:6      | Reached XP level 5. HP: 25/49 MP: 0/2
   202 | D:6      | Reached skill level 1 in Spellcasting
   225 | D:6      | Reached skill level 5 in Axes
   225 | D:6      | Reached XP level 6. HP: 43/56 MP: 2/4
   239 | D:6      | Found a staircase to the Ecumenical Temple.
   241 | D:6      | Noticed an orc warrior
   273 | D:6      | Killed an orc warrior
   289 | Temple   | Entered the Ecumenical Temple
   369 | Temple   | Became a worshipper of Makhleb the Destroyer
   475 | D:6      | Reached skill level 1 in Invocations
   502 | D:6      | Killed from afar by a wight

Illustrated notes

Levels and vault maps discovered:
D:5:      layout_loops_ring, grunt_qazlal_sundering, serial_shops,
          nicolae_shop_trees, shop, kennysheep_mini_moat, nicolae_shop_stone,
          nicolae_shop_trees, grunt_ministairs_3, uniq_blork_the_orc, uniq_ijyb,
          uniq_prince_ribbit1
D:6:      layout_rooms, overflow_temple_1_default,
          minmay_temple_entry_large_hall
Temple:   minmay_temple_curvy_loop

Skill      XL: |  1  2  3  4  5  6 |
---------------+-------------------+-----
Fighting       | 3 |  3.2
Dodging        | 3 |  3.1
Axes           | 3 4 5 |  5.9
Spellcasting   | 2 |  2.5
Invocations    | 1 |  1.8
Stealth        | |  6.6

Action                   |  1- 3 |  4- 6 || total
-------------------------+-------+-------++-------
Melee: Hand axe          |    50 |    69 ||   119
       Battleaxe         |       |    44 ||    44
 Abil: Heal Wounds       |     2 |    20 ||    22
  Use: Scroll            |     1 |       ||     1
 Stab: Sleeping          |     1 |       ||     1
Armor: Leather armour    |    25 |    14 ||    39
       Chain mail        |       |    17 ||    17
Dodge: Dodged            |    72 |    87 ||   159

Table legend: (Time is in decaauts)
 A = Elapsed time spent in this place.
 B = Non-inter-level travel time spent in this place.
 C = Inter-level travel time spent in this place.
 D = Time resting spent in this place.
 E = Time spent auto-exploring this place.
 F = Levels seen in this place.
 G = Mean time per level.
                   A        B        C        D        E       F      G
               +--------+--------+--------+--------+--------+-----+--------+
         Total |    557 |    496 |     61 |      0 |      0 |   3 |  185.7 |
       Dungeon |    414 |    414 |      0 |      0 |      0 |   2 |  207.0 |
        Temple |    142 |     81 |     61 |      0 |      0 |   1 |  142.0 |
               +--------+--------+--------+--------+--------+-----+--------+

Top non-repeatable levels by time:
     D:6: 271 daAuts
     D:5: 143 daAuts
  Temple: 142 daAuts
